 Dungeon Crawl Stone Soup version 0.23-a0-696-gf95311e5ea (webtiles) character file.

144 Brecoman the Insei (level 5, -4/34 HPs)
             Began as an Octopode Transmuter on Jan 12, 2019.
             Killed by divine providence
             ... invoked by an orc priest
              (14 damage)
             ... on level 4 of the Dungeon.
             The game lasted 00:10:14 (3348 turns).

Brecoman the Insei (Octopode Transmuter)            Turns: 3348, Time: 00:10:15

Health: -4/34      AC:  1    Str:  9    XL:     5   Next: 27%
Magic:  8/8        EV: 13    Int: 16    God:
Gold:   66         SH:  0    Dex: 13    Spells: 2/8 levels left

rFire    . . .     SeeInvis .     - Unarmed
rCold    . . .     Gourm    .   (no shield)
rNeg     . . .     Faith    .   (helmet restricted)
rPois    .         Spirit   .   (no amulet)
rElec    .         Reflect  .   (no ring)
rCorr    .         Harm     .   (no ring)
MR       .....                  (no ring)
Stlth    ++........             (no ring)
HPRegen  0.11/turn              (no ring)
MPRegen  0.11/turn              (no ring)
                                (no ring)
                                (no ring)

@: no status effects
A: almost no armour, stealthy swim, amphibious, 8 rings, constrict 8, camouflage
1, gelatinous body 1
a: no special abilities


You were on level 4 of the Dungeon.
You were not hungry.

You visited 1 branch of the dungeon, and saw 4 of its levels.

You collected 66 gold pieces.

Inventory:

Hand Weapons
 b - a +0 hunting sling
Missiles
 a - 28 arrows
 f - 44 stones (quivered)
 j - a throwing net
Jewellery
 h - an uncursed amulet of faith {unknown}
Wands
 l - a wand of acid (21)
Scrolls
 d - 4 scrolls of identify {unknown}
 e - 2 scrolls of enchant armour {unknown}
 i - 2 scrolls of magic mapping {unknown}
Potions
 g - 3 potions of heal wounds
Comestibles
 c - 8 rations
 k - 2 chunks of flesh


   Skills:
 - Level 2.1 Fighting
 - Level 2.0 Dodging
 + Level 4.0 Unarmed Combat
 + Level 2.3 Spellcasting
 + Level 3.1 Transmutations
 + Level 2.0 Poison Magic


You had 2 spell levels left.
You knew the following spells:

 Your Spells              Type           Power        Failure   Level  Hunger
a - Beastly Appendage     Tmut           ##....       5%          1    #......
b - Sticks to Snakes      Tmut           ##......     9%          2    ###....
c - Spider Form           Tmut/Pois      ##........   21%         3    ###....

Your spell library contained the following spells:

 Spells                   Type           Power        Failure   Level  Hunger
 Magic Dart               Conj           #...         21%         1    #......
 Blink                    Tloc           N/A          30%         2    ###....
 Call Imp                 Summ           #.......     30%         2    ###....
 Slow                     Hex            #.......     30%         2    ###....
 Mephitic Cloud           Conj/Pois/Air  #.......     41%         3    ###....
 Conjure Flame            Conj/Fire      #.......     52%         3    ###....
 Ice Form                 Ice/Tmut       #.......     71%         4    #####..
 Blade Hands              Tmut           ##........   83%         5    ######.


Dungeon Overview and Level Annotations

Branches:
Dungeon (4/15)
 Temple: D:4-7

Altars:


Innate Abilities, Weirdness & Mutations

You cannot wear most types of armour.
You are very stealthy in the water. (Stealth+)
You are amphibious.
You can wear up to eight rings at the same time.
You can use your tentacles to constrict eight enemies at once.
Your skin changes colour to match your surroundings (Stealth+).
Your rubbery body absorbs attacks. (AC +1, EV +1)


Message History

k - 4 chunks of flesh (gained 2)
You see here an adder skeleton.
You feel sick.
You start resting.
You feel sick. x4
Some of the chunks of flesh in your inventory have rotted away.
Your tentacle spike disappears.
You feel sick.
You start resting.
You feel sick. x7
You are no longer poisoned.
You start resting.
An orc comes into view.
An orc is nearby!
An orc priest comes into view. It is wielding a +0 trident.
An orc priest comes into view. It is wielding a +0 dagger.
You see here an adder skeleton.
The orc priest shouts!
You hear a shout! x2
The orc priest calls down the wrath of Beogh upon you.
Beogh smites you!
You die...

#### #.. #.#
#####.####
#>.......#
#.#@..####
#####.#.###
#.....#.#
#.#####..
#.# #..
...#######.#
#oo#
...........#
#.o#
>.####.####
#..# #.#


You could see 2 orc priests and an orc.

Vanquished Creatures
  Jessica (D:2)
  A gnoll (D:1)
  6 adders
  4 worms
  2 dart slugs
  An orc (D:3)
  2 ball pythons
  2 giant cockroaches
  5 goblins
  5 hobgoblins
  4 bats
  A frilled lizard (D:2)
  8 kobolds
  4 rats
46 creatures vanquished.

Vanquished Creatures (collateral kills)
  A bat (D:1)
1 creature vanquished.

Grand Total: 47 creatures vanquished

Notes
Turn   | Place    | Note
-------+----------+-------------------------------------------
     0 | D:1      | Brecoman the Octopode Transmuter began the quest for the
                  | Orb.
     0 | D:1      | Reached XP level 1. HP: 13/13 MP: 3/3
     3 | D:1      | Noticed an electric eel
     4 | D:1      | Noticed an electric eel
   266 | D:1      | Reached XP level 2. HP: 16/18 MP: 3/5
   271 | D:1      | Learned a level 2 spell: Sticks to Snakes
   817 | D:1      | Reached XP level 3. HP: 10/24 MP: 0/6
   827 | D:1      | Learned a level 3 spell: Spider Form
  1911 | D:2      | Found a faded altar of an unknown god.
  1964 | D:2      | Noticed Jessica
  1974 | D:2      | Killed Jessica
  1974 | D:2      | Reached skill level 1 in Poison Magic
  1974 | D:2      | Reached XP level 4. HP: 29/29 MP: 1/7
  2678 | D:3      | Reached XP level 5. HP: 24/34 MP: 6/8
  3029 | D:3      | Reached skill level 4 in Unarmed Combat
  3348 | D:4      | Killed from afar by an orc priest

Vault maps used:
D:1:      arrival_aquarium_b
D:2:      chequers_ecumenical_altar_simple, uniq_jessica
D:4:      cheibrodos_thug_alley, hangedman_glass_teeth, uniq_ijyb

Skill      XL: |  1  2  3  4  5 |
---------------+----------------+-----
Fighting       | 2 |  2.1
Poison Magic   | 1 2 |  2.0
Transmutations | 3 |  3.1
Unarmed Combat | 4 |  4.0
Dodging        | |  2.0
Spellcasting   | |  2.3

Action                   |  1- 3 |  4- 6 || total
-------------------------+-------+-------++-------
Melee: Unarmed           |    70 |    47 ||   117
       Constrict         |    21 |    11 ||    32
       Tentacles         |     6 |     5 ||    11
       Kick              |    10 |     7 ||    17
       Punch             |     1 |     1 ||     2
 Cast: Beastly Appendage |    17 |     7 ||    24
       Sticks to Snakes  |     4 |       ||     4
       Spider Form       |       |     1 ||     1
  Use: Potion            |       |     1 ||     1
 Stab: Sleeping          |     5 |     5 ||    10
  Eat: Chunk             |     3 |     5 ||     8
Armor: Skin              |     4 |     1 ||     5
Dodge: Dodged            |    49 |    25 ||    74

Table legend:
 A = Non-vault XP
 B = Vault XP
 C = Vault XP percentage of total XP
 D = Non-vault monster count
 E = Vault monster count
 F = Vault count percentage of total count
                 A         B        C        D         E       F
            +---------+---------+-------+---------+---------+-------
      Total |     170 |      37 |  17.9 |      46 |       1 |   2.1
            +---------+---------+-------+---------+---------+-------
        D:1 |      40 |       0 |   0.0 |      18 |       0 |   0.0
        D:2 |      25 |      37 |  59.7 |      10 |       1 |   9.1
        D:3 |      92 |       0 |   0.0 |      17 |       0 |   0.0
        D:4 |      13 |       0 |   0.0 |       1 |       0 |   0.0
            +---------+---------+-------+---------+---------+-------
